 Dungeon Crawl Stone Soup version 0.25-a0-665-ga69d64035b (webtiles) character file.

Game seed: 17847531980354394737, levelgen mode: deterministic

24 kae the Gusty (level 3, 0/19 HPs)
             Began as a Tengu Air Elementalist on Mar 26, 2020.
             Slain by a jackal (2 damage)
             ... on level 1 of the Dungeon.
             The game lasted 00:00:49 (905 turns).

kae the Gusty (Tengu Air Elementalist)               Turns: 905, Time: 00:00:50

Health: 0/19       AC:  2    Str:  8    XL:     3   Next: 2%
Magic:  0/7        EV: 12    Int: 16    God:
Gold:   20         SH:  0    Dex: 14    Spells: 5/6 levels left

rFire    . . .     SeeInvis .   g - +0 short sword
rCold    . . .     Gourm    .   (no shield)
rNeg     . . .     Faith    .   a - +0 robe
rPois    .         Spirit   .   f - +0 hat
rElec    .         Reflect  .   (no cloak)
rCorr    .         Harm     .   (no gloves)
MR       .....                  (boots unavailable)
Stlth    ++........             (no amulet)
HPRegen  0.06/turn              (no ring)
MPRegen  0.10/turn              (no ring)

@: very slightly contaminated
A: beak, talons 3
a: no special abilities


You were on level 1 of the Dungeon.
You were hungry.

You visited 1 branch of the dungeon, and saw 1 of its levels.

You collected 20 gold pieces.

Inventory:

Hand Weapons
 g - a +0 short sword (weapon)
Armour
 a - a +0 robe (worn)
 f - a +0 hat (worn)
Scrolls
 b - 2 scrolls of identify {unknown}
 e - 2 scrolls of immolation {unknown}
 j - a scroll of enchant armour {unknown}
Potions
 d - a potion of might {unknown}
 h - a potion of brilliance {unknown}
 i - a potion of degeneration {unknown}
Comestibles
 c - 2 rations


   Skills:
 - Level 2.1 Dodging
 - Level 2.0 Stealth
 + Level 2.2 Spellcasting
 * Level 3.0 Conjurations
 + Level 4.3 Air Magic


You had 5 spell levels left.
You knew the following spells:

 Your Spells              Type           Power        Failure   Level  Hunger
a - Shock                 Conj/Air       ##..         4%          1    #......

Your spell library contained the following spells:

 Spells                   Type           Power        Failure   Level  Hunger
 Swiftness                Chrm/Air       #.......     12%         2    ###....
 Static Discharge         Conj/Air       ##......     13%         3    ###....
 Airstrike                Air            ###.......   32%         4    #####..
 Lightning Bolt           Conj/Air       ##........   77%         5    ######.


Dungeon Overview and Level Annotations

Branches:
Dungeon (1/15)

Altars:


Innate Abilities, Weirdness & Mutations

You have a beak for a mouth.
You have claws for feet.


Message History

Your Conjurations skill increases to level 3!
You have reached level 3!
Your experience leads to an increase in your attributes!
Increase (S)trength, (I)ntelligence, or (D)exterity?
You feel clever.
The zap misses the jackal.
The jackal closely misses you.
You hit the jackal. Your kick misses the jackal. Your peck misses the jackal.
The jackal is moderately wounded.
The jackal bites you.
* * * LOW HITPOINT WARNING * * *
The jackal bites you.
* * * LOW HITPOINT WARNING * * *
You hit the jackal but do no damage. Your kick misses the jackal.
Your peck misses the jackal.
The jackal is moderately wounded.
The jackal closely misses you.
You hit the jackal.
The jackal is heavily wounded.
The jackal bites you.
You die...

....................#
..####.............##
.....................
.............#####.#.
###................#
# .......###.######.
## ......#..........
.## .... #.#.#######
..# ... #.#..h@.# ..#
.........###.# ..#
...#..## .# ...
...h.. .# ..# ......
.# ..# ...... .# ..#
...... .# .## .... ##
##


You could see a jackal.

Vanquished Creatures
  A dart slug (D:1)
  2 leopard geckos (D:1)
  2 giant cockroaches (D:1)
  A goblin (D:1)
  4 hobgoblins (D:1)
  A jackal (D:1)
  2 frilled lizards (D:1)
  3 kobolds (D:1)
  4 rats (D:1)
20 creatures vanquished.

Notes
Turn   | Place    | Note
-------+----------+-------------------------------------------
     0 | D:1      | kae the Tengu Air Elementalist began the quest for the Orb.
     0 | D:1      | Reached XP level 1. HP: 10/10 MP: 4/4
   155 | D:1      | Reached XP level 2. HP: 11/15 MP: 1/6
   902 | D:1      | Reached XP level 3. HP: 7/19 MP: 0/7
   905 | D:1      | Slain by a jackal

Levels and vault maps discovered:
D:1:      psy_arrival_dodecagon, layout_basic, serial_bayou_ford_a

Skill      XL: |  1  2 |
---------------+-------+-----
Conjurations   | 2 3 |  3.0
Dodging        | |  2.1
Stealth        | |  2.0
Spellcasting   | |  2.2
Air Magic      | |  4.3

Action                   || total
-------------------------++-------
Melee: Unarmed           ||    25
       Kick              ||     8
       Peck              ||     5
       Short sword       ||    14
 Cast: Shock             ||    49
Armor: Robe              ||    12
Dodge: Dodged            ||    41

Table legend:
 A = Non-vault XP
 B = Vault XP
 C = Vault XP percentage of total XP
 D = Non-vault monster count
 E = Vault monster count
 F = Vault count percentage of total count
                 A         B        C        D         E       F
            +---------+---------+-------+---------+---------+-------
      Total |      35 |       0 |   0.0 |      20 |       0 |   0.0
            +---------+---------+-------+---------+---------+-------
        D:1 |      35 |       0 |   0.0 |      20 |       0 |   0.0
            +---------+---------+-------+---------+---------+-------
